 Dungeon Crawl Stone Soup version 0.20.0-8-g6b59dc7 (webtiles) character file.

130579 theElss the Hoplite (level 17, -11/104 HPs)
             Began as a Gargoyle Berserker on May 30, 2017.
             Was the Champion of Trog.
             Mangled by Polyphemus (29 damage)
             ... on level 3 of the Shoals on May 31, 2017.
             The game lasted 01:40:30 (30518 turns).

theElss the Hoplite (Gargoyle Berserker)           Turns: 30518, Time: 01:40:31

Health: -11/104    AC: 28    Str: 25    XL:     17   Next: 8%
Magic:  17/17      EV: 10    Int: 11    God:    Trog [******]
Gold:   2622       SH: 23    Dex:  9    Spells: 16/16 levels left

rFire    + . .     SeeInvis .   P - +5 morningstar (protect)
rCold    + . .     Gourm    +   t - +0 large shield
rNeg     + + +     Faith    .   D - +2 chain mail of Wavoupul {rN+ rCorr Slay+2}
rPois    ∞         Spirit   .   E - +0 helmet
rElec    +         Reflect  .   O - scarf {rC+ rF+}
rCorr    +         Harm     .   k - +0 pair of gloves
MR       ++++.                  (no boots)
Stlth    ..........             I - amulet of the gourmand
Regen    1.3/turn               W - ring of positive energy
MPRegen  0.2/turn               x - ring of protection from magic

@: about to teleport, berserk cooldown, flying, regenerating, slowed, very slow
A: big wings, blurry vision 1, negative energy resistance 1, electricity
resistance, unbreathing, petrification resistance, rot immunity, AC +12
a: Stop Flying, Berserk, Trog's Hand, Brothers in Arms, Burn Spellbooks,
Renounce Religion


You were on level 3 of the Shoals.
You worshipped Trog.
Trog was exalted by your worship.
You were full.

You visited 4 branches of the dungeon, and saw 26 of its levels.
You also visited: Ice Cave.

You collected 2847 gold pieces.
You spent 225 gold pieces at shops.

Inventory:

Hand Weapons
 B - a +2 antimagic flail
 P - a +5 morningstar of protection (weapon)
Armour
 a - a +2 shield
 k - a +0 pair of gloves (worn)
 t - a +0 large shield (worn)
 D - the +2 chain mail of Wavoupul (worn) {rN+ rCorr Slay+2}
   (You found it on level 5 of the Dungeon)

   It affects your accuracy and damage with ranged weapons and melee attacks
   (+2).
   It protects you from negative energy.
   It protects you from acid and corrosion.
 E - a +0 helmet (worn)
 O - a scarf of resistance (worn)
Jewellery
 v - a +4 ring of strength
 x - a ring of protection from magic (right hand)
 I - an amulet of the gourmand (around neck)
 Q - the brooch of Shielding {Reflect SH+8}
   (You found it on level 13 of the Dungeon)

   [amulet of reflection]

   It shields you and reflects attacks.
   It affects your SH (+8).
 W - a ring of positive energy (left hand)
Wands
 h - a wand of polymorph (14/24)
 i - a wand of iceblast (5/15)
 y - a wand of clouds (2/9)
 A - a wand of disintegration (8/24)
 F - a wand of flame (24/48)
 L - a wand of flame (15/48)
 U - a wand of digging (15/24)
 V - a wand of lightning (7/15)
 X - a wand of paralysis (17/24)
 Z - a wand of disintegration (14/24)
Scrolls
 e - a scroll of fog
 f - 10 scrolls of remove curse
 r - 4 scrolls of recharging
 s - 4 scrolls of fear
 u - 3 scrolls of magic mapping
 w - 9 scrolls of teleportation
 G - 3 scrolls of blinking
 H - a scroll of vulnerability {unknown}
Potions
 g - 14 potions of curing
 j - a potion of magic {unknown}
 l - a potion of brilliance {unknown}
 m - a potion of cancellation {unknown}
 q - 3 potions of heal wounds
 z - a potion of invisibility
 S - 3 potions of haste
Books
 d - a book of Frost

   Spells                             Type                      Level
   a - Freeze                         Ice                          1
   b - Throw Frost                    Conjuration/Ice              2
   c - Ozocubu's Armour               Charms/Ice                   3
   d - Throw Icicle                   Conjuration/Ice              4
   e - Summon Ice Beast               Ice/Summoning                4
   Trog disapproves of the use of such an item.
 o - a book of Conjurations

   Spells                             Type                      Level
   a - Magic Dart                     Conjuration                  1
   b - Searing Ray                    Conjuration                  2
   c - Dazzling Spray                 Conjuration/Hexes            3
   d - Fulminant Prism                Conjuration/Hexes            4
   e - Force Lance                    Conjuration/Translocation    4
   f - Iskenderun's Mystic Blast      Conjuration                  4
   Trog disapproves of the use of such an item.
 p - a book of Callings

   Spells                             Type                      Level
   a - Summon Small Mammal            Summoning                    1
   b - Call Imp                       Summoning                    2
   c - Call Canine Familiar           Summoning                    3
   d - Summon Guardian Golem          Hexes/Summoning              3
   e - Summon Lightning Spire         Summoning/Air                4
   f - Summon Ice Beast               Ice/Summoning                4
   Trog disapproves of the use of such an item.
Comestibles
 b - 9 meat rations
 c - 15 bread rations
 n - 11 royal jellies
 C - 30 fruits


   Skills:
 + Level 11.5 Fighting
 + Level 16.0 Maces & Flails
 + Level 8.8 Armour
 + Level 6.1 Dodging
 * Level 21.1 Shields


You had 16 spell levels left.
You didn't know any spells.

Dungeon Overview and Level Annotations

Branches:
Dungeon (15/15)            Temple (0/1) D:5            Lair (6/6) D:8
 Shoals (3/4) Lair:4        Snake (0/4) Lair:3        Slime (0/5) Lair:6
    Orc (2/2) D:11            Elf (0/3) Orc:2        Vaults (0/5) D:13
 Depths (0/5) D:15

Altars:
Ashenzari
Kikubaaqudgha
Nemelex Xobeh
Okawaru
Vehumet
Beogh

Shops:
D:4 %   D:5 [   D:11 (   Orc:2 [!(:[   Shoals:1 (

Annotations:
Shoals:3 Mara, Polyphemus


Innate Abilities, Weirdness & Mutations

You are resistant to torment.
Your stone body is resilient. (AC +12)
You are immune to poison.
Your large and strong wings let you fly indefinitely.
You resist negative energy. (rN+)
You are resistant to electric shocks. (rElec)
You can survive without breathing.
You are immune to petrification.
You are immune to rotting.
Scrolls take you a little longer to read.


Message History

Mara barely misses you. The catoblepas gores you!
* * * LOW HITPOINT WARNING * * *
You block theElss's illusion's attack.
Unknown command.
Unknown command.
Your skin crawls.
You feel resistant to hostile enchantments.
You feel somewhat less full.
You block the merfolk javelineer's attack.
You block the sea snake's attack.
Mara blinks!
The death yak gores you but does no damage.
You block Mara's attack.
The catoblepas gores you but does no damage.
TheElss's illusion hits you!
* * * LOW HITPOINT WARNING * * *
The merfolk javelineer hits you from afar with a spear of flaming.
* * * LOW HITPOINT WARNING * * *
The sea snake bites you but does no damage.
Mara hits you but does no damage. Polyphemus hits you!!
You die...

... ..m #..≈≈≈≈≈≈ ...♣ ..
#≈≈≈≈≈≈≈≈≈ ....... #≈≈≈≈≈≈≈≈≈
♣.8.♣. #≈≈≈≈≈≈≈≈≈ .......
#≈≈≈≈≈≈≈≈≈
...♣...#+####≈≈≈≈≈≈≈≈≈
....RmYYY..♣.≈≈≈≈≈≈≈≈≈
#RCYY..♣.≈≈≈≈≈≈≈≈
+.@@#####≈≈≈≈≈≈≈≈
#.R#Sm..#≈≈≈≈≈≈≈≈
#..#S...#≈≈≈≈≈≈≈≈ ≈≈≈≈≈≈≈≈#
#♣.#....#≈≈≈≈≈≈≈≈
≈≈≈≈≈≈≈≈######.♣#.../#≈≈≈≈≈≈≈≈
≈≈≈≈≈≈≈≈≈≈≈≈≈≈≈.######≈≈≈≈≈≈≈≈
≈≈≈≈≈≈≈≈≈≈≈≈≈≈≈≈≈≈≈≈≈≈≈≈≈≈≈≈≈≈
≈≈≈≈≈≈≈≈≈≈≈≈≈≈≈≈≈≈≈≈≈≈≈≈≈≈≈≈≈≈
≈≈≈≈≈≈≈≈≈≈≈≈≈≈≈≈≈≈≈≈≈≈≈≈≈≈≈≈≈≈


You could see Polyphemus, 3 Maras, a merfolk javelineer, 4 death yaks, a
catoblepas, 2 sea snakes, a merfolk and theElss's illusion.

Vanquished Creatures
  Rupert (D:12)
  A frost giant (IceCv)
  A stone giant (D:13)
  A dire elephant (Lair:6)
  Azrael (Orc:2)
  A deep elf annihilator (D:13)
  An ettin (D:13)
  3 merfolk impalers
  A yaktaur captain (D:15)
  Fannar (D:12)
  A merfolk avatar (Shoals:1)
  9 hydras
  Erica (D:8)
  A death knight (D:15)
  6 centaur warriors
  2 catoblepae
  2 ogre magi (Orc:2)
  A merfolk aquamancer (Shoals:1)
  A deep troll shaman (Lair:6)
  5 two-headed ogres
  8 death yaks
  Urug (D:15)
  Nergalle (Orc:2)
  8 sea snakes
  An unseen horror (shapeshifter) (D:13)
  A deep troll (D:13)
  2 unseen horrors (D:15)
  A phantasmal warrior (D:15)
  A deep elf mage (D:10)
  A lindwurm (Lair:6)
  An orc knight (Orc:1)
  A necromancer (D:13)
  9 harpies (Shoals:1)
  8 orc sorcerers
  3 manticores
  An ugly thing (D:13)
  6 fauns
  5 cyclopes
  3 oklob plants
  5 merfolk sirens
  Joseph (D:7)
  An ice statue (IceCv)
  2 centaur zombies
  15 elephants
  3 water nymphs
  5 black mambas
  Psyche (D:10)
  A gargoyle (D:12)
  A torpor snail (Lair:3)
  6 spiny frogs
  An efreet (D:15)
  7 komodo dragons
  3 freezing wraiths
  2 wind drakes (Shoals:2)
  18 merfolk
  7 trolls
  18 polar bears (IceCv)
  2 hornets
  A tengu conjurer (D:15)
  19 blink frogs
  12 dream sheep
  10 hippogriffs
  4 slime creatures (D:14)
  A meliai zombie (D:10)
  3 snapping turtles (Shoals:1)
  3 vampires (D:12)
  5 wyverns
  67 yaks
  Eustachio (D:4)
  4 wraiths
  Sigmund (D:3)
  4 basilisks
  2 fire elementals (Orc:2)
  5 hungry ghosts
  Grum (D:9)
  3 water elementals (Shoals:1)
  A human (D:10)
  Menkaure (D:6)
  A yak (shapeshifter) (D:15)
  2 vampire mosquitoes (D:15)
  3 wargs (Orc:2)
  An acid dragon (D:11)
  A two-headed ogre zombie (D:11)
  6 hell hounds
  5 porcupines
  15 orc warriors
  14 water moccasins
  3 black bears
  5 phantoms
  3 ice beasts
  3 sky beasts
  An eye of draining (D:10)
  53 wolves
  14 centaurs
  16 ogres
  A big kobold (D:13)
  9 crocodiles
  Blork the orc (Orc:1)
  19 bullfrogs
  A gnoll sergeant (Orc:1)
  2 troll zombies (D:11)
  5 scorpions
  A wyvern skeleton (D:7)
  12 killer bees
  12 wights
  3 howler monkeys
  2 electric eels (Lair:1)
  8 crimson imps
  3 bullfrog zombies
  8 hounds
  5 orc priests
  13 jellies
  3 centaur skeletons
  4 iguanas
  A bullfrog skeleton (D:9)
  30 orc wizards
  9 worker ants
  5 ogre zombies (D:11)
  2 hound zombies
  A worker ant zombie (D:10)
  9 gnolls
  15 adders
  2 shadow imps
  12 white imps (Lair:5)
  3 oozes
  An adder zombie (D:8)
  An adder skeleton (D:6)
  4 worms
  3 dart slugs (D:2)
  3 leopard geckos
  81 orcs
  9 bats
  3 giant cockroaches
  9 goblins
  11 hobgoblins
  5 jackals
  12 kobolds
  6 quokkas
  A ball python (D:3)
  5 frilled lizards
  2 goblin skeletons (D:11)
  2 goblin zombies (D:11)
  2 hobgoblin skeletons (D:11)
  A hobgoblin zombie (D:11)
  A jackal zombie (D:8)
  18 orc zombies (D:11)
  9 rats
  A fire vortex (D:14)
  A plant (Lair:1)
888 creatures vanquished.

Vanquished Creatures (collateral kills)
  A sphinx (D:13)
  A tengu reaver (D:13)
  A stone giant (D:13)
  An ettin (D:13)
  A yaktaur captain (D:13)
  An ugly thing (D:13)
  A wolf (D:9)
  A quasit (D:13)
  An orc priest (D:9)
9 creatures vanquished.

Vanquished Creatures (others)
  A polar bear (IceCv)
  A blink frog (Lair:6)
  A wolf (IceCv)
  A centaur (D:15)
  3 orc wizards
  16 fungi
  19 plants
42 creatures vanquished.

Grand Total: 939 creatures vanquished

Notes
Turn   | Place    | Note
-------+----------+-------------------------------------------
     0 | D:1      | theElss the Gargoyle Berserker began the quest for the Orb.
     0 | D:1      | Reached XP level 1. HP: 14/14 MP: 1/1
   260 | D:1      | Reached XP level 2. HP: 20/20 MP: 2/2
   723 | D:1      | Reached XP level 3. HP: 20/24 MP: 3/3
  1598 | D:2      | Reached XP level 4. HP: 28/29 MP: 4/4
  1686 | D:2      | Reached ** piety under Trog
  1711 | D:2      | Found a sparkling altar of Nemelex Xobeh.
  1713 | D:2      | Found a shattered altar of Ashenzari.
  1713 | D:2      | Found an iron altar of Okawaru.
  2279 | D:3      | Noticed Sigmund
  2297 | D:3      | Killed Sigmund
  2297 | D:3      | Reached skill level 5 in Maces & Flails
  2297 | D:3      | Reached XP level 5. HP: 33/34 MP: 5/5
  2297 | D:3      | Reached XP level 6. HP: 37/39 MP: 6/6
  2907 | D:4      | Reached skill level 5 in Fighting
  2923 | D:4      | Reached XP level 7. HP: 44/44 MP: 7/7
  3346 | D:4      | Reached skill level 1 in Shields
  3525 | D:4      | Reached skill level 2 in Shields
  3602 | D:4      | Reached *** piety under Trog
  3948 | D:4      | Reached XP level 8. HP: 34/49 MP: 8/8
  3985 | D:4      | Reached skill level 3 in Shields
  4098 | D:4      | Found Jyvom's Food Boutique.
  4316 | D:4      | Noticed Eustachio
  4324 | D:4      | Killed Eustachio
  4324 | D:4      | Reached skill level 4 in Shields
  4454 | D:5      | Entered Level 5 of the Dungeon
  4516 | D:5      | Found a staircase to the Ecumenical Temple.
  4602 | D:5      | Got a brightly glowing chain mail
  4751 | D:5      | Reached skill level 5 in Shields
  5180 | D:5      | Found Nietta's Antique Armour Shoppe.
  5364 | D:5      | Identified the +2 chain mail of Wavoupul {rN+ rCorr Slay+2} (You found it on level 5 of the Dungeon)
  5438 | D:6      | Noticed Menkaure
  5443 | D:6      | Killed Menkaure
  5443 | D:6      | Reached skill level 6 in Shields
  5548 | D:6      | Reached XP level 9. HP: 54/55 MP: 9/9
  5675 | D:6      | Noticed a troll
  5681 | D:6      | Killed a troll
  5681 | D:6      | Reached skill level 7 in Shields
  6348 | D:7      | Reached skill level 8 in Shields
  6550 | D:7      | Noticed Joseph
  6566 | D:7      | Killed Joseph
  6708 | D:7      | Reached skill level 9 in Shields
  6764 | D:7      | Reached XP level 10. HP: 48/61 MP: 10/10
  6795 | D:7      | Reached **** piety under Trog
  7376 | D:8      | Found a staircase to the Lair.
  7719 | D:8      | Reached skill level 10 in Shields
  7788 | D:8      | Noticed Erica
  7808 | D:8      | Killed Erica
  8055 | D:9      | Reached skill level 11 in Shields
  8219 | D:9      | Noticed a two-headed ogre
  8229 | D:9      | Killed a two-headed ogre
  8252 | D:9      | Noticed a two-headed ogre
  8269 | D:9      | Killed a two-headed ogre
  8269 | D:9      | Reached skill level 5 in Armour
  8269 | D:9      | Reached XP level 11. HP: 31/67 MP: 11/11
  8632 | D:9      | Noticed Grum
  8644 | D:9      | Killed Grum
  8800 | D:9      | Reached skill level 12 in Shields
  8810 | D:9      | Reached skill level 10 in Maces & Flails
  8828 | D:9      | Reached ***** piety under Trog
  9224 | D:10     | Entered Level 10 of the Dungeon
  9441 | D:10     | Noticed a deep elf mage
  9450 | D:10     | Killed a deep elf mage
  9963 | D:10     | Noticed a two-headed ogre
  9965 | D:10     | Noticed a two-headed ogre
  9966 | D:10     | Reached skill level 13 in Shields
  9970 | D:10     | Killed a two-headed ogre
  9978 | D:10     | Killed a two-headed ogre
 10050 | D:10     | Received a gift from Trog
 10195 | D:10     | Reached XP level 12. HP: 71/72 MP: 4/12
 10370 | D:10     | Noticed Psyche
 10380 | D:10     | Killed Psyche
 10501 | D:11     | Found Geass's Antique Weapon Shoppe.
 10761 | D:11     | Reached skill level 14 in Shields
 10799 | D:11     | Found a roughly hewn altar of Beogh.
 10951 | D:11     | Received a gift from Trog
 11046 | D:11     | Found a staircase to the Orcish Mines.
 11048 | D:11     | Noticed a two-headed ogre
 11386 | D:11     | Noticed an eight-headed hydra
 11398 | D:11     | Killed an eight-headed hydra
 11552 | D:11     | Noticed a four-headed hydra
 11560 | D:11     | Killed a four-headed hydra
 11681 | D:11     | Killed a two-headed ogre
 11886 | Lair:1   | Entered Level 1 of the Lair of Beasts
 12197 | Lair:1   | Noticed an eight-headed hydra
 12203 | Lair:1   | Killed an eight-headed hydra
 12203 | Lair:1   | Reached skill level 15 in Shields
 12609 | Lair:1   | Reached XP level 13. HP: 51/78 MP: 4/13
 14079 | Lair:3   | Reached skill level 5 in Dodging
 14174 | Lair:3   | Reached skill level 16 in Shields
 14222 | Lair:3   | Received a gift from Trog
 14347 | Lair:3   | Found a staircase to the Snake Pit.
 14970 | Lair:4   | Found a staircase to the Shoals.
 16315 | Lair:5   | Gained mutation: Your large and strong wings let you fly indefinitely. [Gargoyle growth]
 16315 | Lair:5   | Reached XP level 14. HP: 82/84 MP: 14/14
 16367 | Lair:5   | Found a frozen archway.
 16387 | IceCv    | Entered an ice cave
 16689 | IceCv    | Reached skill level 17 in Shields
 17530 | IceCv    | Noticed a frost giant
 17540 | IceCv    | Received a gift from Trog
 17566 | IceCv    | Killed a frost giant
 18530 | Lair:6   | Entered Level 6 of the Lair of Beasts
 18784 | Lair:6   | Found a staircase to the Slime Pits.
 18920 | Lair:6   | Reached skill level 18 in Shields
 19121 | Lair:6   | Reached ****** piety under Trog
 19485 | Lair:6   | Reached XP level 15. HP: 71/92 MP: 15/15
 19668 | Lair:6   | Received a gift from Trog
 19675 | Lair:6   | Reached skill level 10 in Fighting
 20349 | Lair:6   | Got a warped executioner's axe
 20362 | Lair:6   | Got a slimy war axe
 20363 | Lair:6   | Identified the +3 war axe of Resourcefulness {vamp, rPois} (You found it on level 6 of the Lair of Beasts)
 20369 | Lair:6   | Identified the cursed +0 executioner's axe of the Wolf {drain, *Contam MR+ Str+5 SInv} (You found it on level 6 of the Lair of Beasts)
 20397 | Lair:6   | Gained mutation: Scrolls take you a little longer to read. [mutagenic glow]
 20654 | Orc:1    | Entered Level 1 of the Orcish Mines
 21014 | Orc:1    | Noticed Blork the orc
 21049 | Orc:1    | Killed Blork the orc
 21475 | Orc:2    | Entered Level 2 of the Orcish Mines
 21545 | Orc:2    | Found a staircase to the Elven Halls.
 21552 | Orc:2    | Noticed Azrael
 21851 | Orc:2    | Killed Azrael
 22183 | Orc:2    | Found Poegg's Antique Armour Shop.
 22566 | Orc:2    | Found Zonnudap's Antique Weapon Emporium.
 22583 | Orc:2    | Reached skill level 19 in Shields
 22609 | Orc:2    | Found Plog's Book Shoppe.
 22701 | Orc:2    | Found a radiant altar of Vehumet.
 23005 | Orc:2    | Received a gift from Trog
 23016 | Orc:2    | Found an ancient bone altar of Kikubaaqudgha.
 23017 | Orc:2    | Noticed Nergalle
 23030 | Orc:2    | Killed Nergalle
 23256 | Orc:2    | Found a roughly hewn altar of Beogh.
 23256 | Orc:2    | Found Fekecats's Distillery.
 23288 | Orc:2    | Bought a potion of degeneration for 15 gold pieces
 23288 | Orc:2    | Bought a potion of might for 60 gold pieces
 23288 | Orc:2    | Bought a potion of haste for 150 gold pieces
 23337 | Orc:2    | Found Woariada's Antique Armour Shoppe.
 23565 | D:12     | Noticed Fannar
 23620 | D:12     | Killed Fannar
 23819 | D:12     | Noticed Rupert
 23842 | D:12     | Killed Rupert
 23842 | D:12     | Reached skill level 15 in Maces & Flails
 24323 | D:13     | Received a gift from Trog
 24582 | D:13     | Received a gift from Trog
 24586 | D:13     | Got a crude demon trident {god gift}
 24641 | D:13     | Identified the +1 demon trident "Daxaax" {flame, rPois rN+} (Trog gifted it to you on level 13 of the Dungeon)
 24658 | D:13     | Found a gate to the Vaults.
 24778 | D:13     | Found a runed door.
 24780 | D:13     | Noticed a tengu reaver
 24780 | D:13     | Noticed a sphinx
 24795 | D:13     | Reached XP level 16. HP: 99/99 MP: 16/16
 24826 | D:13     | Killed a tengu reaver
 24831 | D:13     | Killed a sphinx
 25547 | D:15     | Entered Level 15 of the Dungeon
 25701 | D:14     | Reached skill level 20 in Shields
 26717 | D:15     | Found a staircase to the Depths.
 26810 | D:15     | Noticed Urug
 26836 | D:15     | Killed Urug
 26836 | D:15     | Received a gift from Trog
 27288 | Shoals:1 | Entered Level 1 of the Shoals
 29366 | Shoals:1 | Found Epoofuev's Weapon Shop.
 29777 | Shoals:2 | Reached skill level 21 in Shields
 29792 | Shoals:2 | Reached XP level 17. HP: 88/104 MP: 17/17
 30271 | Shoals:3 | Received a gift from Trog
 30497 | Shoals:3 | Noticed Mara
 30501 | Shoals:3 | Noticed theElss's illusion
 30503 | Shoals:3 | Noticed Polyphemus
 30513 | Shoals:3 | HP: 5/104 [theElss's illusion[Mara] (30)]
 30518 | Shoals:3 | Mangled by Polyphemus

Skill      XL: |  1  2  3  4  5  6  7  8  9 10 11 12 13 14 15 16 17 |
---------------+----------------------------------------------------+-----
Fighting       | 4 5 6 7 8 9 10 11 | 11.5
Maces & Flails | 5 6 7 8 9 10 11 13 14 15 16 | 16.0
Dodging        | 2 3 4 5 6 |  6.1
Armour         | 3 4 5 6 7 8 |  8.8
Shields        | 2 6 9 11 13 15 16 18 19 21 | 21.1

Action                   |  1- 3 |  4- 6 |  7- 9 | 10-12 | 13-15 | 16-18 || total
-------------------------+-------+-------+-------+-------+-------+-------++-------
Melee: Mace              |   116 |   163 |   477 |   315 |       |       ||  1071
       Whip              |       |       |       |   281 |       |       ||   281
       Morningstar       |       |       |       |   450 |  1828 |   742 ||  3020
Invok: Berserk           |     3 |     3 |     9 |    10 |     9 |     4 ||    38
       Trog's Hand       |       |       |     1 |       |     1 |     1 ||     3
       Brothers in Arms  |       |       |       |     1 |       |     1 ||     2
 Abil: Fly               |       |       |       |       |     1 |       ||     1
  Use: Scroll            |       |       |     8 |     3 |     5 |     2 ||    18
       Potion            |       |       |       |       |       |     3 ||     3
 Stab: Sleeping          |     1 |       |       |       |       |       ||     1
       Petrified         |       |       |       |       |     7 |       ||     7
       Petrifying        |       |       |       |       |     3 |       ||     3
  Eat: Chunk             |     5 |     7 |    23 |    56 |    55 |    23 ||   169
Armor: Animal skin       |    34 |       |       |       |       |       ||    34
       Leather armour    |     5 |    59 |    79 |       |       |       ||   143
       Chain mail        |       |       |    52 |   374 |   643 |   327 ||  1396
Dodge: Dodged            |    75 |   124 |    69 |   144 |   380 |   157 ||   949
Block: Large shield      |       |       |   324 |   958 |  1429 |   826 ||  3537
       Shield            |       |       |       |       |   264 |       ||   264
